cohdb
Replays
Latest Replays
All Replays
Popular Replays
Top Player Replays
Match Explorer
How It Works
Community
CoH3 Stats
Reddit
Sign in to upload your games and track your stats! →
Sign in with Steam
Match 44116139
Unlisted
Match 44116139
Overview
Messages
Build Orders
End
Panzerpioneer Squad
250 Light Carrier
Selects Italian Infantry
Construct Light Support Kompanie
MG34 Team
Selects Defensive Operations
Assault Mechanized Group
Fire Support Elements
Construct Panzerarmee Kommand
Selects Guastatori Squad
Guastatori Squad
Guastatori Squad
Selects Registered Artillery
Walking Stuka Rocket Launcher
Armored Reserves
2.5-tonne Medical Truck
Selects Territory Booby Traps
S.a.N
Burnt_Steak
lemerman9
gabman6
0
0
Comments
sign in to comment!
No comments posted yet!